 Dungeon Crawl Stone Soup version 0.23.0-28-g6fe0f4dc8b (webtiles) character file.

Game seed: 13916658337121430608

176 Forgol the Poker (level 5, -15/41 HPs)
             Began as a Merfolk Gladiator on Feb 26, 2019.
             Demolished by an ogre
             ... wielding a +0 giant club
              (20 damage)
             ... on level 4 of the Dungeon.
             The game lasted 00:06:02 (2744 turns).

Forgol the Poker (Merfolk Gladiator)                Turns: 2744, Time: 00:06:03

Health: -15/41     AC:  6    Str: 14    XL:     5   Next: 56%
Magic:  5/5        EV: 15    Int:  7    God:
Gold:   237        SH:  0    Dex: 17    Spells: 4/4 levels left

rFire    . . .     SeeInvis .   a - +3 trident
rCold    . . .     Gourm    .   (no shield)
rNeg     . . .     Faith    .   b - +2 leather armour
rPois    .         Spirit   .   c - +0 helmet
rElec    .         Reflect  .   (no cloak)
rCorr    .         Harm     .   (no gloves)
MR       .....                  (no boots)
Stlth    ++........             (no amulet)
HPRegen  0.13/turn              (no ring)
MPRegen  0.09/turn              (no ring)

@: no status effects
A: change form in water, swift swim, stealthy swim
a: no special abilities


You were on level 4 of the Dungeon.
You were not hungry.

You visited 1 branch of the dungeon, and saw 4 of its levels.

You collected 237 gold pieces.

Inventory:

Hand Weapons
 a - a +3 trident (weapon)
Missiles
 d - 3 throwing nets (quivered)
 i - 3 tomahawks
Armour
 b - a +2 leather armour (worn)
 c - a +0 helmet (worn)
 n - a +0 chain mail
Jewellery
 e - an uncursed ring of positive energy
 h - an uncursed amulet of rage {unknown}
Wands
 o - a wand of flame (12)
 q - a wand of iceblast (10)
Scrolls
 g - a scroll of magic mapping
 l - a scroll of teleportation
 m - 3 scrolls of remove curse
Potions
 j - a potion of brilliance
 k - a potion of curing
 p - a potion of might {unknown}
 r - a potion of agility {unknown}
Comestibles
 f - 9 rations


   Skills:
 + Level 3.3 Fighting
 * Level 6.5 Polearms
 - Level 2.0 Throwing
 + Level 5.1 Dodging
 + Level 2.4 Stealth


You had 4 spell levels left.
You didn't know any spells.
Your spell library was empty.

Dungeon Overview and Level Annotations

Branches:
Dungeon (4/15)
 Temple: D:4-7

Altars:
Qazlal

Annotations:
D:4 Natasha, Sigmund


Message History

The phantom blinks!
You bump into the rock wall.
The ogre misses you.
Natasha casts a spell.
The shadow imp shouts, "Escape, thou peeagling ruttish urchin!"
You hear some strange, mumbled words.
You are more confused.
The ogre misses you.
It was a potion of curing.
You feel better.
Natasha howls an incantation.
Natasha glows brightly for a moment.
The ogre completely misses you.
You barely miss the ogre. Natasha closely misses you.
Something barely misses you.
You hit Natasha.
Natasha is moderately wounded.
Natasha casts a spell at you. The magic dart hits you!
* * * LOW HITPOINT WARNING * * *
The ogre hits you with a +0 giant club!!
You die...

#.................##...##..##
#.............##.####..#.....
#..........##.#......#...#... .
#.....#.......##............. ..
#................##...#....#.
..###............#....#..##...##.
.......##.......5........#.......
.....######.....Oh....#........<.
...#.#### #....#@#.##.###........
#.....W.####.#######..###........
.............###.................
.##..#........#..#..##.(..##.....
.....##.........#### .##........
................# .# ...#.#.
.....#..(......## ## .#####.
.....#.........## ......
.#..#............. #.....


You could see an ogre, Natasha and a shadow imp.

Vanquished Creatures
  Robin (D:3)
  6 adders
  2 oozes
  A worm (D:2)
  5 dart slugs
  3 leopard geckos
  5 orcs (D:3)
  5 bats
  4 giant cockroaches
  16 goblins
  8 hobgoblins
  2 jackals (D:3)
  7 frilled lizards
  8 kobolds
  A quokka skeleton (D:4)
  7 rats
81 creatures vanquished.

Notes
Turn   | Place    | Note
-------+----------+-------------------------------------------
     0 | D:1      | Forgol the Merfolk Gladiator began the quest for the Orb.
     0 | D:1      | Reached XP level 1. HP: 16/16 MP: 1/1
   105 | D:1      | Reached XP level 2. HP: 22/23 MP: 2/2
   242 | D:1      | Reached skill level 1 in Stealth
   246 | D:1      | Reached skill level 5 in Polearms
   289 | D:1      | Reached XP level 3. HP: 15/28 MP: 3/3
   968 | D:2      | Reached XP level 4. HP: 16/34 MP: 4/4
  1608 | D:2      | You fall through a shaft!
  1792 | D:2      | Reached skill level 6 in Polearms
  2017 | D:3      | Reached XP level 5. HP: 37/41 MP: 5/5
  2267 | D:3      | Noticed Robin
  2285 | D:3      | Reached skill level 5 in Dodging
  2301 | D:3      | Killed Robin
  2542 | D:3      | Found a stormy altar of Qazlal.
  2691 | D:4      | Noticed a phantom
  2702 | D:4      | Noticed Sigmund
  2709 | D:4      | Noticed an ogre
  2728 | D:4      | Noticed Natasha
  2744 | D:4      | Demolished by an ogre

Skill      XL: |  1  2  3  4  5 |
---------------+----------------+-----
Stealth        | 1 2 |  2.4
Polearms       | 5 6 |  6.5
Fighting       | 3 |  3.3
Dodging        | 5 |  5.1
Throwing       | |  2.0

Action                   |  1- 3 |  4- 6 || total
-------------------------+-------+-------++-------
Melee: Trident           |   113 |   150 ||   263
  Use: Scroll            |     5 |     6 ||    11
       Potion            |       |     1 ||     1
 Stab: Sleeping          |     2 |     6 ||     8
  Eat: Chunk             |       |     6 ||     6
Armor: Leather armour    |    33 |    32 ||    65
Dodge: Dodged            |    92 |    83 ||   175
